 Dungeon Crawl Stone Soup version 0.29-a0-492-g10b964d8d7 (webtiles) character file.

Game seed: 7704926299375018526

366 Bruhh the Gusty (level 6, -2/50 (53) HPs)
             Began as an Ogre Air Elementalist on May 27, 2022.
             Slain by a wight
             ... wielding a +2 long sword of freezing
              (4 damage)
             ... on level 3 of the Dungeon.
             The game lasted 00:04:09 (3227 turns).

Bruhh the Gusty (Ogre Air Elementalist)             Turns: 3227, Time: 00:04:10

HP:   -2/50 (53)    AC:  3    Str: 13    XL:     6   Next: 68%
MP:   0/12          EV:  9    Int: 18    God:
Gold: 49            SH:  0    Dex:  9    Spells: 10/13 levels left

rFire   . . .      SeeInvis .   d - +1 hand axe (drain)
rCold   . . .      Faith    .   (no shield)
rNeg    . . .      Spirit   .   a - +0 robe
rPois   .          Reflect  .   (helmet restricted)
rElec   .          Harm     .   (no cloak)
rCorr   .          Rampage  .   (gloves unavailable)
Will    .....                   (boots unavailable)
Stlth   +.........              (no amulet)
HPRegen 0.16/turn               (no ring)
MPRegen 0.13/turn               (no ring)

@: drained
A: large, unfitting armour, tough skin 1
a: no special abilities


You were on level 3 of the Dungeon.
You visited 1 branch of the dungeon, and saw 3 of its levels.

You collected 49 gold pieces.

Inventory:

Hand Weapons
 c - a +0 hunting sling
 d - a +1 hand axe of draining (weapon)
Armour
 a - a +0 robe (worn)
Scrolls
 b - a scroll of enchant weapon
 f - a scroll of amnesia {unknown}
 i - a scroll of magic mapping {unknown}


   Skills:
 - Level 1.7 Dodging
 - Level 1.4 Stealth
 - Level 4.0 Spellcasting
 - Level 4.0 Conjurations
 + Level 4.5 Air Magic


You had 10 spell levels left.
You knew the following spells:

 Your Spells              Type           Power      Damage    Failure   Level
a - Shock                 Conj/Air       72%        1d7       2%          1
b - Static Discharge      Conj/Air       18%        N/A       3%          2

Your spell library contained the following spells:

 Spells                   Type           Power      Damage    Failure   Level
 Foxfire                  Conj/Fire      40%        2x1d6     6%          1
 Swiftness                Air            19%        N/A       7%          3
 Conjure Flame            Conj/Fire      10%        6-21      19%         3
 Airstrike                Air            9%         N/A       22%         4
 Inner Flame              Hex/Fire       3%         N/A       41%         3
 Flame Wave               Conj/Fire      10%        2d5       54%         4


Dungeon Overview and Level Annotations

Branches:
Dungeon (3/15)

Altars:


Innate Abilities, Weirdness & Mutations

You are too large for most types of armour.
You have tough skin. (AC +1)


Message History

The wight is struck by an arc of lightning.
The wight is lightly damaged.
The lightning grounds out.
The wight hits you with a +0 morningstar!
Casting: Static Discharge (safe; 4% risk of failure)
Confirm with . or Enter, or press ? or * to list all spells.
The wight is struck by an arc of lightning!
You destroy the wight!
You are struck by an arc of lightning.
The lightning grounds out.
Unknown command.
Casting: Static Discharge (safe; 3% risk of failure)
Confirm with . or Enter, or press ? or * to list all spells.
The wight is struck by an arc of lightning.
The wight is heavily damaged.
You are struck by an arc of lightning.
The lightning grounds out.
The wight hits you with a +2 long sword of freezing.
You feel drained. The wight freezes you.
You aren't carrying any potions.
The wight closely misses you. The wight attacks as you move away!
The wight barely misses you. The wight attacks as you move away!
The wight hits you with a +2 long sword of freezing!
The wight freezes you.
* * * LOW HITPOINT WARNING * * *
You aren't carrying any potions.
As you read the scroll of identify, it crumbles to dust.
b - a scroll of enchant weapon The wight closely misses you.
Casting: Static Discharge (safe; 3% risk of failure)
Confirm with . or Enter, or press ? or * to list all spells.
The wight is struck by an arc of lightning.
The wight is severely damaged.
You are struck by an arc of lightning.
* * * LOW HITPOINT WARNING * * *
The lightning grounds out.
The wight barely misses you. The wight attacks as you move away!
The wight hits you with a +2 long sword of freezing!
* * * LOW HITPOINT WARNING * * *
You feel drained.
You die...

#...#.....##..#.#.###.#.#
#####.....###...#.###.#.#
####### #...#.#...#.#
##..#.#.###.# ###..#.#.#
#.###### #<#.^#.#.#
#.#....#
#.##...#.###.#.##.#
#.##.z.#.....#.##.#
#.##.@.#####.#.##.#
#.##.......#.#.##.#
#.###........#.##.#
#...#...#....#.##.#
###.#...######.##.#
#............##.#
###.###########.##
#..............#
################


You could see a wight.

Vanquished Creatures
  4 wights (D:3)
  Jessica (D:2)
  2 orc wizards (D:2)
  An adder (D:2)
  A dart slug (D:1)
  5 orcs
  8 ball pythons
  4 bats
  10 endoplasms
  2 giant cockroaches
  4 goblins
  5 hobgoblins
  2 quokkas
  2 frilled lizards
  10 kobolds
  5 rats
66 creatures vanquished.

Notes
Turn   | Place    | Note
-------+----------+-------------------------------------------
     0 | D:1      | Bruhh the Ogre Air Elementalist began the quest for the
                  | Orb.
     0 | D:1      | Reached XP level 1. HP: 16/16 MP: 3/3
    50 | D:1      | Reached skill level 1 in Conjurations
   500 | D:1      | Reached XP level 2. HP: 24/24 MP: 1/5
  1010 | D:1      | Reached XP level 3. HP: 16/31 MP: 2/7
  1705 | D:2      | Noticed Jessica
  1715 | D:2      | Killed Jessica
  1716 | D:2      | Reached XP level 4. HP: 33/39 MP: 3/9
  2129 | D:2      | Learned a level 2 spell: Static Discharge
  2265 | D:2      | Reached XP level 5. HP: 38/45 MP: 5/11
  2640 | D:3      | Reached XP level 6. HP: 15/53 MP: 6/12
  3126 | D:3      | Found a faded altar of an unknown god.
  3227 | D:3      | HP: 2/51 [wight/+2 long sword of freezing (11)]
  3227 | D:3      | Slain by a wight

Illustrated notes

Levels and vault maps discovered:
D:1:      elethiomel_arrival_shortcut, layout_basic, solitary_fountain,
          minmay_statues_item, minmay_indecisive_spiral
D:2:      layout_rooms, dreamdust_mushroom_princess, uniq_jessica
D:3:      layout_basic, basic_ecumenical_altar, kennysheep_doodads,
          minmay_pentomino_pile

Skill      XL: |  1  2  3  4  5  6 |
---------------+-------------------+-----
Conjurations   | 1 2 3 4 |  4.0
Spellcasting   | 3 4 |  4.0
Air Magic      | 3 4 |  4.5
Dodging        | |  1.7
Stealth        | |  1.4

Action                   |  1- 3 |  4- 6 || total
-------------------------+-------+-------++-------
Melee: Unarmed           |    16 |       ||    16
       Hand axe          |       |     4 ||     4
 Fire: Hunting sling     |    59 |    13 ||    72
 Cast: Shock             |    38 |    33 ||    71
       Static Discharge  |       |    18 ||    18
  Use: Scroll            |       |     2 ||     2
       Potion            |       |     3 ||     3
 Stab: Sleeping          |       |     1 ||     1
Armor: Robe              |    15 |    11 ||    26
Dodge: Dodged            |    29 |    19 ||    48

Table legend: (Time is in decaauts)
 A = Elapsed time spent in this place.
 B = Non-inter-level travel time spent in this place.
 C = Inter-level travel time spent in this place.
 D = Time resting spent in this place.
 E = Time spent auto-exploring this place.
 F = Levels seen in this place.
 G = Mean time per level.
                   A        B        C        D        E       F      G
               +--------+--------+--------+--------+--------+-----+--------+
         Total |   3263 |   3181 |     82 |     26 |   2662 |   3 | 1087.7 |
       Dungeon |   3263 |   3181 |     82 |     26 |   2662 |   3 | 1087.7 |
               +--------+--------+--------+--------+--------+-----+--------+

Top non-repeatable levels by time:
     D:1: 1726 daAuts
     D:3: 868 daAuts
     D:2: 669 daAuts
